Rangers vs Bruins

Created - October 12 2010 at 18:46

Goals
1 2 3 T
Rangers 0 1 1 2
Bruins 1 2 3 6
Shots
1 2 3 T
Rangers 8 19 11 38
Bruins 11 10 14 35

Period #1

1. Bruins , Dennis Seidenberg 1 (Paul Stastny, Wayne Simmonds) at 2:00

Penalties :
Dustin Penner (NYR) for Slashing (Minor) at 3:19, Keith Ballard (NYR) for Hooking (Minor) at 4:54, Dustin Brown (BOS) for Tripping (Minor) at 11:55, Zdeno Chara (BOS) for High sticking (Minor) at 15:25, Keith Ballard (NYR) for Slashing (Minor) at 15:35, Barret Jackman (BOS) for Tripping (Minor) at 17:00, Gregory Campbell (BOS) for Hooking (Minor) at 17:19

Period #2

2. Bruins , Marian Gaborik 2 (David Krejci) at 5:53
3. Rangers , Keith Ballard 1 (Evander Kane, Andrei Kostitsyn) at 10:52
4. Bruins , Jordan Leopold 2 (Henrik Zetterberg, Phil Kessel) at 15:07 (PP)

Penalties :
Dennis Seidenberg (BOS) for Slashing (Minor) at 3:01, Dennis Seidenberg (BOS) for Hooking (Minor) at 6:04, Zdeno Chara (BOS) for Interference (Minor) at 11:06, Jeff Finger (NYR) for Hooking (Minor) at 14:43, Mattias Ohlund (NYR) for Tripping (Minor) at 15:20, Jeff Finger (NYR) for Interference (Minor) at 16:20

Period #3

5. Bruins , Dustin Brown 1 (Paul Stastny) at 5:19 (PP)
6. Bruins , Wayne Simmonds 1 (Paul Stastny, Dennis Seidenberg) at 5:51
7. Bruins , Henrik Zetterberg 1 (Zdeno Chara, David Krejci) at 14:32
8. Rangers , Bill Guerin 1 (Mikko Koivu, Dan Cleary) at 19:05

Penalties :
Keith Ballard (NYR) for Holding (Minor) at 3:38, Gregory Campbell (BOS) for Roughing (Minor) at 6:15, David Krejci (BOS) for Holding (Minor) at 6:28, Jeff Finger (NYR) for Holding (Minor) at 8:47

Goalie Stats

Andrew Raycroft (NYR), 26 saves from 32 shots - (0.813), L, 0-1-0, 54:32 minutes
Brian Boucher (NYR), 3 saves from 3 shots - (1.000), 5:28 minutes
Cam Ward (BOS), 36 saves from 38 shots - (0.947), W, 2-1-0, 60:00 minutes

Players Stats

Rangers
Player Name              G  A  P  +/- PIM S  H  SB FO    MP 
------------------------------------------------------------
Andrei Kostitsyn         0  1  1  -1  0   3  0  0  0/0   10 
Artem Anisimov           0  0  0  -1  0   0  0  0  1/9   5  
Bill Guerin              1  0  1   1  0   1  0  0  0/0   9  
Dan Cleary               0  1  1   1  0   0  1  0  0/1   16 
Dustin Penner            0  0  0  -1  2   5  1  1  1/2   15 
Evander Kane             0  1  1  -1  0   2  0  0  0/1   5  
Jeff Finger              0  0  0  -1  6   0  4  0  0/0   16 
Keith Ballard            1  0  1  -1  6   1  4  2  0/0   22 
Lubomir Visnovsky        0  0  0   0  0   3  0  1  0/0   20 
Mark Recchi              0  0  0  -1  0   4  1  0  0/0   22 
Mattias Ohlund           0  0  0   0  2   1  2  0  0/0   19 
Mike Weaver              0  0  0  -1  0   0  0  4  0/0   20 
Mikko Koivu              0  1  1   1  0   5  0  0  20/34 21 
Patrick OSullivan        0  0  0  -1  0   2  0  0  0/0   14 
Scott Gomez              0  0  0  -1  0   5  2  0  18/34 21 
Teemu Selanne            0  0  0  -1  0   3  0  0  1/1   14 
Tom Pyatt                0  0  0  -1  0   1  0  0  4/19  13 
Trevor Daley             0  0  0  -1  0   2  0  2  0/0   23 
Bruins
Player Name              G  A  P  +/- PIM S  H  SB FO    MP 
------------------------------------------------------------
Andrej Meszaros          0  0  0   1  0   0  1  0  0/0   12 
Andrew Cogliano          0  0  0   0  0   0  0  0  0/0   2  
Barret Jackman           0  0  0  -1  2   0  2  4  0/0   17 
Blake Wheeler            0  0  0   1  0   0  1  0  0/0   12 
David Krejci             0  2  2   2  2   2  3  1  18/30 17 
Dennis Seidenberg        1  1  2   0  4   4  2  0  0/0   24 
Dustin Brown             1  0  1  -1  2   1  5  0  0/1   14 
Gregory Campbell         0  0  0   2  4   1  4  1  2/2   15 
Henrik Zetterberg        1  1  2   1  0   3  0  2  1/3   19 
James Vandermeer         0  0  0   2  0   0  3  5  0/0   19 
Jordan Leopold           1  0  1   0  0   2  0  0  0/0   6  
Marian Gaborik           1  0  1   1  0   5  0  1  1/1   12 
Niklas Kronwall          0  0  0   0  0   1  2  1  0/0   18 
Patrice Bergeron         0  0  0  -1  0   0  1  0  14/25 19 
Paul Stastny             0  3  3   1  0   9  0  0  17/34 22 
Phil Kessel              0  1  1  -1  0   4  0  0  2/4   18 
Wayne Simmonds           1  1  2   1  0   2  2  0  1/1   12 
Zdeno Chara              0  1  1   2  4   1  2  2  0/0   24 

3 Stars

1 - Wayne Simmonds (BOS)
2 - Henrik Zetterberg (BOS)
3 - Paul Stastny (BOS)

Power Play

Rangers - 0 on 9 Attempt(s) - 0.00%
Bruins - 2 on 8 Attempt(s) - 25.00%

Penalty Kill

Rangers - 6 on 8 Attempt(s) - 75.00% - Score 0 goal in Penalty Kill
Bruins - 9 on 9 Attempt(s) - 100.00% - Score 0 goal in Penalty Kill

Game Notes

Marian Gaborik is injured at 2:25 of 3rd period (Left Forearm)
Brian Boucher enters game at 14:32 of 3rd period

Finance

Level 1 -- Attendance: 6500 (100.00%) -- Ticket Income $487,500.00
Level 2 -- Attendance: 5000 (100.00%) -- Ticket Income $250,000.00
Level 3 -- Attendance: 3264 (93.26%) -- Ticket Income $97,920.00
Level 4 -- Attendance: 1565 (100.00%) -- Ticket Income $31,300.00
Luxury Box -- Attendance: 1000 (100.00%) -- Ticket Income $150,000.00
Game was played at the TD Garden
Total Attendance: 17329 (98.66%)
Total Ticket Income: $1,032,196.00
Other Income: $196,483.20
Total Income: $1,228,679.00


Play by Play

Period #1

0:01 of 1st period - Scott Gomez wins face-off versus Paul Stastny in neutral zone.
0:14 of 1st period - Shot by Marian Gaborik.
0:14 of 1st period - Stopped by Andrew Raycroft without a rebound.
0:15 of 1st period - Mikko Koivu wins face-off versus Patrice Bergeron in Rangers zone.
0:40 of 1st period - Shot by Phil Kessel.
0:40 of 1st period - Deflect By Patrice Bergeron.
0:40 of 1st period - Shot Misses the Net.
0:44 of 1st period - Shot by Dustin Brown.
0:44 of 1st period - Shot Misses the Net.
0:48 of 1st period - Shot by Patrice Bergeron.
0:48 of 1st period - Deflect By Phil Kessel.
0:48 of 1st period - Shot Misses the Net.
0:52 of 1st period - Shot by Phil Kessel.
0:52 of 1st period - Stopped by Andrew Raycroft with a rebound.
1:42 of 1st period - Shot by Marian Gaborik.
1:42 of 1st period - Stopped by Andrew Raycroft without a rebound.
1:43 of 1st period - Paul Stastny wins face-off versus Scott Gomez in Rangers zone.
1:54 of 1st period - Shot by Paul Stastny.
1:54 of 1st period - Stopped by Andrew Raycroft with a rebound.
1:56 of 1st period - Shot by Dennis Seidenberg.
1:56 of 1st period - Shot Blocked by Keith Ballard.
1:58 of 1st period - Shot by Paul Stastny.
1:58 of 1st period - Shot Misses the Net.
2:00 of 1st period - Shot by Dennis Seidenberg.
2:00 of 1st period - Goal by Dennis Seidenberg - Rangers : 0 - Bruins : 1.
2:01 of 1st period - Tom Pyatt wins face-off versus David Krejci in neutral zone.
2:01 of 1st period - Tom Pyatt is hit by David Krejci.
2:07 of 1st period - Icing by David Krejci.
2:08 of 1st period - David Krejci wins face-off versus Artem Anisimov in Bruins zone.
2:23 of 1st period - Shot by Andrei Kostitsyn.
2:23 of 1st period - Stopped by Cam Ward without a rebound.
2:24 of 1st period - Patrice Bergeron wins face-off versus Tom Pyatt in Bruins zone.
2:50 of 1st period - Mike Weaver is hit by Dustin Brown and loses puck.
3:19 of 1st period - Minor Penalty to Dustin Penner for Slashing.
3:20 of 1st period - Scott Gomez wins face-off versus Patrice Bergeron in Rangers zone.
3:26 of 1st period - Icing by Henrik Zetterberg.
3:27 of 1st period - Patrice Bergeron wins face-off versus Scott Gomez in Bruins zone.
4:16 of 1st period - Keith Ballard is hit by Dustin Brown and loses puck.
4:29 of 1st period - Shot by Marian Gaborik.
4:29 of 1st period - Shot Misses the Net.
4:31 of 1st period - Shot by Niklas Kronwall.
4:31 of 1st period - Shot Misses the Net.
4:54 of 1st period - Minor Penalty to Keith Ballard for Hooking.
4:55 of 1st period - Patrice Bergeron wins face-off versus Mikko Koivu in Rangers zone.
5:41 of 1st period - Icing by James Vandermeer.
5:42 of 1st period - Marian Gaborik wins face-off versus Scott Gomez in Bruins zone.
6:34 of 1st period - Phil Kessel is hit by Jeff Finger and loses puck.
6:39 of 1st period - Shot by Zdeno Chara.
6:39 of 1st period - Shot Misses the Net.
6:41 of 1st period - Shot by Zdeno Chara.
6:41 of 1st period - Shot Blocked by Trevor Daley.
6:45 of 1st period - Shot by Jordan Leopold.
6:45 of 1st period - Stopped by Andrew Raycroft without a rebound.
6:46 of 1st period - Mikko Koivu wins face-off versus David Krejci in Rangers zone.
6:46 of 1st period - Mikko Koivu is hit by David Krejci.
7:02 of 1st period - Shot by Blake Wheeler.
7:02 of 1st period - Shot Misses the Net.
7:22 of 1st period - Shot by David Krejci.
7:22 of 1st period - Deflect By Blake Wheeler.
7:22 of 1st period - Shot Hit the Post.
7:26 of 1st period - Shot by Wayne Simmonds.
7:26 of 1st period - Stopped by Andrew Raycroft without a rebound.
7:27 of 1st period - Tom Pyatt wins face-off versus Patrice Bergeron in Rangers zone.
8:14 of 1st period - Shot by Teemu Selanne.
8:14 of 1st period - Shot Misses the Net.
8:18 of 1st period - Shot by Teemu Selanne.
8:18 of 1st period - Deflect By Scott Gomez.
8:18 of 1st period - Shot Misses the Net.
8:20 of 1st period - Shot by Scott Gomez.
8:20 of 1st period - Shot Misses the Net.
8:24 of 1st period - Shot by Dustin Penner.
8:24 of 1st period - Stopped by Cam Ward with a rebound.
8:39 of 1st period - Shot by Scott Gomez.
8:39 of 1st period - Stopped by Cam Ward without a rebound.
8:40 of 1st period - Mikko Koivu wins face-off versus Paul Stastny in Bruins zone.
8:56 of 1st period - Off-side.
8:57 of 1st period - Paul Stastny wins face-off versus Evander Kane in neutral zone.
8:59 of 1st period - Off-side.
9:00 of 1st period - Mikko Koivu wins face-off versus Paul Stastny in neutral zone.
9:16 of 1st period - Shot by Paul Stastny.
9:16 of 1st period - Stopped by Andrew Raycroft without a rebound.
9:17 of 1st period - Henrik Zetterberg wins face-off versus Tom Pyatt in Rangers zone.
9:29 of 1st period - Shot by Patrick OSullivan.
9:29 of 1st period - Stopped by Cam Ward with a rebound.
9:31 of 1st period - Shot by Patrick OSullivan.
9:31 of 1st period - Stopped by Cam Ward without a rebound.
9:32 of 1st period - Paul Stastny wins face-off versus Scott Gomez in Bruins zone.
10:01 of 1st period - Teemu Selanne is hit by Andrej Meszaros and loses puck.
10:37 of 1st period - Icing by Mattias Ohlund.
10:38 of 1st period - David Krejci wins face-off versus Mikko Koivu in Rangers zone.
11:55 of 1st period - Minor Penalty to Dustin Brown for Tripping.
11:56 of 1st period - Scott Gomez wins face-off versus David Krejci in Bruins zone.
13:13 of 1st period - Mark Recchi is hit by James Vandermeer and loses puck.
15:15 of 1st period - Off-side.
15:16 of 1st period - Mikko Koivu wins face-off versus Paul Stastny in neutral zone.
15:24 of 1st period - Bill Guerin is hit by James Vandermeer and loses puck.
15:25 of 1st period - Minor Penalty to Zdeno Chara for High sticking.
15:26 of 1st period - Phil Kessel wins face-off versus Scott Gomez in Bruins zone.
15:26 of 1st period - Phil Kessel is hit by Keith Ballard.
15:33 of 1st period - Icing by Scott Gomez.
15:34 of 1st period - Patrice Bergeron wins face-off versus Scott Gomez in Rangers zone.
15:34 of 1st period - Patrice Bergeron is hit by Keith Ballard.
15:35 of 1st period - Minor Penalty to Keith Ballard for Slashing.
15:36 of 1st period - David Krejci wins face-off versus Mikko Koivu in Rangers zone.
15:41 of 1st period - Shot by Phil Kessel.
15:41 of 1st period - Stopped by Andrew Raycroft with a rebound.
15:49 of 1st period - Shot by Phil Kessel.
15:49 of 1st period - Stopped by Andrew Raycroft without a rebound.
15:50 of 1st period - David Krejci wins face-off versus Scott Gomez in Rangers zone.
16:08 of 1st period - Shot by Trevor Daley.
16:08 of 1st period - Shot Misses the Net.
16:10 of 1st period - Shot by Trevor Daley.
16:10 of 1st period - Shot Blocked by James Vandermeer.
16:25 of 1st period - Icing by Jordan Leopold.
16:26 of 1st period - Mikko Koivu wins face-off versus David Krejci in Bruins zone.
16:37 of 1st period - Shot by Mikko Koivu.
16:37 of 1st period - Stopped by Cam Ward without a rebound.
16:38 of 1st period - Mikko Koivu wins face-off versus Paul Stastny in Bruins zone.
16:51 of 1st period - Shot by Mikko Koivu.
16:51 of 1st period - Shot Blocked by Barret Jackman.
17:00 of 1st period - Minor Penalty to Barret Jackman for Tripping.
17:01 of 1st period - Gregory Campbell wins face-off versus Scott Gomez in Bruins zone.
17:16 of 1st period - Icing by Patrick OSullivan.
17:17 of 1st period - Gregory Campbell wins face-off versus Scott Gomez in Rangers zone.
17:19 of 1st period - Minor Penalty to Gregory Campbell for Hooking.
17:20 of 1st period - Scott Gomez wins face-off versus Henrik Zetterberg in Bruins zone.
17:43 of 1st period - Keith Ballard is hit by James Vandermeer and loses puck.
18:37 of 1st period - Shot by Andrei Kostitsyn.
18:37 of 1st period - Stopped by Cam Ward without a rebound.
18:38 of 1st period - David Krejci wins face-off versus Scott Gomez in Bruins zone.
19:25 of 1st period - Icing by Mike Weaver.
19:26 of 1st period - Paul Stastny wins face-off versus Tom Pyatt in Rangers zone.
19:38 of 1st period - Shot by Paul Stastny.
19:38 of 1st period - Stopped by Andrew Raycroft with a rebound.
19:53 of 1st period - Shot by Mark Recchi.
19:53 of 1st period - Stopped by Cam Ward with a rebound.

Period #2

0:01 of 2nd period - Paul Stastny wins face-off versus Scott Gomez in neutral zone.
0:23 of 2nd period - Shot by Henrik Zetterberg.
0:23 of 2nd period - Shot Misses the Net.
1:01 of 2nd period - Mattias Ohlund is hit by Niklas Kronwall.
1:06 of 2nd period - Icing by Lubomir Visnovsky.
1:07 of 2nd period - Mikko Koivu wins face-off versus Phil Kessel in Rangers zone.
1:24 of 2nd period - Patrice Bergeron is hit by Mattias Ohlund and loses puck.
2:01 of 2nd period - Shot by Mark Recchi.
2:01 of 2nd period - Deflect By Patrick OSullivan.
2:01 of 2nd period - Shot Misses the Net.
2:19 of 2nd period - Shot by Patrick OSullivan.
2:19 of 2nd period - Deflect By Mark Recchi.
2:19 of 2nd period - Shot Blocked by Zdeno Chara.
2:23 of 2nd period - Shot by Mark Recchi.
2:23 of 2nd period - Stopped by Cam Ward without a rebound.
2:24 of 2nd period - Paul Stastny wins face-off versus Artem Anisimov in Bruins zone.
2:28 of 2nd period - Off-side.
2:29 of 2nd period - Paul Stastny wins face-off versus Artem Anisimov in neutral zone.
2:33 of 2nd period - Off-side.
2:34 of 2nd period - Scott Gomez wins face-off versus Paul Stastny in neutral zone.
3:01 of 2nd period - Minor Penalty to Dennis Seidenberg for Slashing.
3:02 of 2nd period - David Krejci wins face-off versus Mikko Koivu in Bruins zone.
3:08 of 2nd period - Icing by Mark Recchi.
3:09 of 2nd period - David Krejci wins face-off versus Mikko Koivu in Rangers zone.
3:15 of 2nd period - David Krejci is hit by Mattias Ohlund and loses puck.
3:30 of 2nd period - Shot by Mattias Ohlund.
3:30 of 2nd period - Shot Blocked by Barret Jackman.
3:32 of 2nd period - Shot by Trevor Daley.
3:32 of 2nd period - Stopped by Cam Ward with a rebound.
3:34 of 2nd period - Shot by Andrei Kostitsyn.
3:34 of 2nd period - Deflect By Mikko Koivu.
3:34 of 2nd period - Stopped by Cam Ward without a rebound.
3:35 of 2nd period - Patrice Bergeron wins face-off versus Scott Gomez in Bruins zone.
3:57 of 2nd period - Scott Gomez is hit by Zdeno Chara and loses puck.
4:06 of 2nd period - Shot by Mattias Ohlund.
4:06 of 2nd period - Shot Misses the Net.
4:08 of 2nd period - Shot by Dustin Penner.
4:08 of 2nd period - Shot Misses the Net.
5:17 of 2nd period - Blake Wheeler is hit by Jeff Finger and loses puck.
5:38 of 2nd period - Shot by Mark Recchi.
5:38 of 2nd period - Stopped by Cam Ward without a rebound.
5:39 of 2nd period - David Krejci wins face-off versus Artem Anisimov in Bruins zone.
5:44 of 2nd period - Artem Anisimov is hit by Gregory Campbell and loses puck.
5:51 of 2nd period - Shot by Marian Gaborik.
5:51 of 2nd period - Shot Misses the Net.
5:53 of 2nd period - Shot by Marian Gaborik.
5:53 of 2nd period - Goal by Marian Gaborik - Rangers : 0 - Bruins : 2.
5:54 of 2nd period - Mikko Koivu wins face-off versus Patrice Bergeron in neutral zone.
6:04 of 2nd period - Minor Penalty to Dennis Seidenberg for Hooking.
6:05 of 2nd period - Mikko Koivu wins face-off versus David Krejci in Bruins zone.
6:30 of 2nd period - Shot by Mikko Koivu.
6:30 of 2nd period - Shot Misses the Net.
7:44 of 2nd period - Shot by Mikko Koivu.
7:44 of 2nd period - Stopped by Cam Ward with a rebound.
7:48 of 2nd period - Shot by Mikko Koivu.
7:48 of 2nd period - Shot Misses the Net.
7:50 of 2nd period - Shot by Mike Weaver.
7:50 of 2nd period - Deflect By Andrei Kostitsyn.
7:50 of 2nd period - Stopped by Cam Ward without a rebound.
7:51 of 2nd period - Phil Kessel wins face-off versus Scott Gomez in Bruins zone.
8:09 of 2nd period - Shot by Paul Stastny.
8:09 of 2nd period - Shot Hit the Post.
8:18 of 2nd period - Icing by Lubomir Visnovsky.
8:19 of 2nd period - Paul Stastny wins face-off versus Tom Pyatt in Rangers zone.
8:28 of 2nd period - Shot by Paul Stastny.
8:28 of 2nd period - Stopped by Andrew Raycroft with a rebound.
8:31 of 2nd period - Icing by Lubomir Visnovsky.
8:32 of 2nd period - Patrice Bergeron wins face-off versus Tom Pyatt in Rangers zone.
9:02 of 2nd period - Off-side.
9:03 of 2nd period - Paul Stastny wins face-off versus Artem Anisimov in neutral zone.
9:06 of 2nd period - Shot by Marian Gaborik.
9:06 of 2nd period - Stopped by Andrew Raycroft with a rebound.
9:08 of 2nd period - Shot by Henrik Zetterberg.
9:08 of 2nd period - Shot Misses the Net.
9:10 of 2nd period - Shot by Niklas Kronwall.
9:10 of 2nd period - Stopped by Andrew Raycroft with a rebound.
9:12 of 2nd period - Shot by Marian Gaborik.
9:12 of 2nd period - Deflect By Paul Stastny.
9:12 of 2nd period - Stopped by Andrew Raycroft without a rebound.
9:13 of 2nd period - Scott Gomez wins face-off versus David Krejci in Rangers zone.
9:13 of 2nd period - Scott Gomez is hit by David Krejci.
9:39 of 2nd period - Shot by Scott Gomez.
9:39 of 2nd period - Shot Misses the Net.
9:43 of 2nd period - Shot by Dustin Penner.
9:43 of 2nd period - Deflect By Teemu Selanne.
9:43 of 2nd period - Stopped by Cam Ward with a rebound.
9:45 of 2nd period - Shot by Dustin Penner.
9:45 of 2nd period - Stopped by Cam Ward without a rebound.
9:46 of 2nd period - Paul Stastny wins face-off versus Dan Cleary in Bruins zone.
9:53 of 2nd period - Mattias Ohlund is hit by Blake Wheeler and loses puck.
10:03 of 2nd period - Bill Guerin is hit by Dennis Seidenberg and loses puck.
10:19 of 2nd period - Bill Guerin is hit by Dennis Seidenberg and loses puck.
10:52 of 2nd period - Shot by Keith Ballard.
10:52 of 2nd period - Goal by Keith Ballard - Rangers : 1 - Bruins : 2.
10:53 of 2nd period - David Krejci wins face-off versus Tom Pyatt in neutral zone.
11:03 of 2nd period - Shot by Patrick OSullivan.
11:03 of 2nd period - Shot Misses the Net.
11:06 of 2nd period - Minor Penalty to Zdeno Chara for Interference.
11:07 of 2nd period - Scott Gomez wins face-off versus David Krejci in Bruins zone.
11:22 of 2nd period - Shot by Teemu Selanne.
11:22 of 2nd period - Deflect By Dustin Penner.
11:22 of 2nd period - Shot Misses the Net.
11:24 of 2nd period - Shot by Keith Ballard.
11:24 of 2nd period - Shot Blocked by David Krejci.
11:34 of 2nd period - Shot by Dustin Penner.
11:34 of 2nd period - Stopped by Cam Ward with a rebound.
11:36 of 2nd period - Shot by Scott Gomez.
11:36 of 2nd period - Stopped by Cam Ward with a rebound.
11:38 of 2nd period - Shot by Scott Gomez.
11:38 of 2nd period - Shot Blocked by James Vandermeer.
11:40 of 2nd period - Shot by Scott Gomez.
11:40 of 2nd period - Deflect By Dustin Penner.
11:40 of 2nd period - Stopped by Cam Ward without a rebound.
11:41 of 2nd period - Patrice Bergeron wins face-off versus Mikko Koivu in Bruins zone.
11:47 of 2nd period - Icing by Mikko Koivu.
11:48 of 2nd period - Patrice Bergeron wins face-off versus Mikko Koivu in Rangers zone.
12:13 of 2nd period - Shot by Mark Recchi.
12:13 of 2nd period - Stopped by Cam Ward without a rebound.
12:14 of 2nd period - Scott Gomez wins face-off versus Patrice Bergeron in Bruins zone.
12:15 of 2nd period - Shot by Teemu Selanne.
12:15 of 2nd period - Shot Misses the Net.
12:19 of 2nd period - Shot by Scott Gomez.
12:19 of 2nd period - Stopped by Cam Ward with a rebound.
12:35 of 2nd period - Shot by Dustin Penner.
12:35 of 2nd period - Stopped by Cam Ward without a rebound.
12:36 of 2nd period - Mikko Koivu wins face-off versus David Krejci in Bruins zone.
13:09 of 2nd period - Shot by Dustin Penner.
13:09 of 2nd period - Deflect By Patrick OSullivan.
13:09 of 2nd period - Shot Misses the Net.
13:11 of 2nd period - Shot by Jeff Finger.
13:11 of 2nd period - Shot Blocked by Zdeno Chara.
13:13 of 2nd period - Shot by Tom Pyatt.
13:13 of 2nd period - Stopped by Cam Ward without a rebound.
13:14 of 2nd period - Mikko Koivu wins face-off versus Paul Stastny in Bruins zone.
13:41 of 2nd period - Shot by Lubomir Visnovsky.
13:41 of 2nd period - Stopped by Cam Ward without a rebound.
13:42 of 2nd period - Scott Gomez wins face-off versus Paul Stastny in Bruins zone.
13:55 of 2nd period - Shot by Teemu Selanne.
13:55 of 2nd period - Stopped by Cam Ward with a rebound.
13:57 of 2nd period - Shot by Trevor Daley.
13:57 of 2nd period - Stopped by Cam Ward without a rebound.
13:58 of 2nd period - Tom Pyatt wins face-off versus Patrice Bergeron in Bruins zone.
13:59 of 2nd period - Shot by Patrick OSullivan.
13:59 of 2nd period - Shot Blocked by Barret Jackman.
14:09 of 2nd period - Shot by Patrice Bergeron.
14:09 of 2nd period - Shot Misses the Net.
14:11 of 2nd period - Shot by Dennis Seidenberg.
14:11 of 2nd period - Stopped by Andrew Raycroft with a rebound.
14:43 of 2nd period - Minor Penalty to Jeff Finger for Hooking.
14:44 of 2nd period - Scott Gomez wins face-off versus Patrice Bergeron in Rangers zone.
15:05 of 2nd period - Shot by Henrik Zetterberg.
15:05 of 2nd period - Shot Blocked by Keith Ballard.
15:07 of 2nd period - Shot by Jordan Leopold.
15:07 of 2nd period - Goal by Jordan Leopold - Rangers : 1 - Bruins : 3.
15:08 of 2nd period - David Krejci wins face-off versus Mikko Koivu in neutral zone.
15:19 of 2nd period - Shot by Marian Gaborik.
15:19 of 2nd period - Shot Blocked by Lubomir Visnovsky.
15:20 of 2nd period - Minor Penalty to Mattias Ohlund for Tripping.
15:21 of 2nd period - Scott Gomez wins face-off versus Paul Stastny in Rangers zone.
16:20 of 2nd period - Minor Penalty to Jeff Finger for Interference.
16:21 of 2nd period - Scott Gomez wins face-off versus Patrice Bergeron in Rangers zone.
16:38 of 2nd period - Shot by Zdeno Chara.
16:38 of 2nd period - Stopped by Andrew Raycroft without a rebound.
16:39 of 2nd period - Scott Gomez wins face-off versus Paul Stastny in Rangers zone.
17:05 of 2nd period - Shot by Paul Stastny.
17:05 of 2nd period - Stopped by Andrew Raycroft without a rebound.
17:06 of 2nd period - Scott Gomez wins face-off versus Patrice Bergeron in Rangers zone.
17:20 of 2nd period - Shot by Jordan Leopold.
17:20 of 2nd period - Shot Misses the Net.
17:22 of 2nd period - Shot by Henrik Zetterberg.
17:22 of 2nd period - Stopped by Andrew Raycroft without a rebound.
17:23 of 2nd period - Mikko Koivu wins face-off versus Paul Stastny in Rangers zone.
17:23 of 2nd period - Mikko Koivu is hit by Dustin Brown.
19:32 of 2nd period - Andrei Kostitsyn is hit by Gregory Campbell and loses puck.

Period #3

0:01 of 3rd period - Scott Gomez wins face-off versus Paul Stastny in neutral zone.
0:18 of 3rd period - Shot by Marian Gaborik.
0:18 of 3rd period - Shot Misses the Net.
0:20 of 3rd period - Shot by Paul Stastny.
0:20 of 3rd period - Stopped by Andrew Raycroft with a rebound.
0:24 of 3rd period - Shot by Marian Gaborik.
0:24 of 3rd period - Stopped by Andrew Raycroft without a rebound.
0:25 of 3rd period - Patrice Bergeron wins face-off versus Mikko Koivu in Rangers zone.
0:28 of 3rd period - Shot by Dustin Brown.
0:28 of 3rd period - Shot Misses the Net.
1:01 of 3rd period - Shot by Mikko Koivu.
1:01 of 3rd period - Stopped by Cam Ward without a rebound.
1:02 of 3rd period - David Krejci wins face-off versus Tom Pyatt in Bruins zone.
1:26 of 3rd period - Icing by Patrick OSullivan.
1:27 of 3rd period - Paul Stastny wins face-off versus Tom Pyatt in Rangers zone.
1:50 of 3rd period - Shot by Blake Wheeler.
1:50 of 3rd period - Shot Blocked by Mike Weaver.
1:52 of 3rd period - Shot by Blake Wheeler.
1:52 of 3rd period - Shot Misses the Net.
1:56 of 3rd period - Shot by Paul Stastny.
1:56 of 3rd period - Shot Misses the Net.
2:00 of 3rd period - Shot by Paul Stastny.
2:00 of 3rd period - Shot Blocked by Mike Weaver.
2:02 of 3rd period - Shot by Dennis Seidenberg.
2:02 of 3rd period - Stopped by Andrew Raycroft without a rebound.
2:03 of 3rd period - Dustin Penner wins face-off versus David Krejci in Rangers zone.
2:25 of 3rd period - Shot by Scott Gomez.
2:25 of 3rd period - Deflect By Dustin Penner.
2:25 of 3rd period - Shot Blocked by Marian Gaborik.
2:25 of 3rd period - Marian Gaborik from Bruins is injured at 2:25 of 3rd period (Left Forearm).
2:26 of 3rd period - Mikko Koivu wins face-off versus Paul Stastny in Bruins zone.
2:33 of 3rd period - Shot by Mikko Koivu.
2:33 of 3rd period - Stopped by Cam Ward with a rebound.
2:48 of 3rd period - Shot by Phil Kessel.
2:48 of 3rd period - Stopped by Andrew Raycroft without a rebound.
2:49 of 3rd period - Artem Anisimov wins face-off versus Dustin Brown in Rangers zone.
2:49 of 3rd period - Artem Anisimov is hit by Patrice Bergeron.
3:03 of 3rd period - Shot by Evander Kane.
3:03 of 3rd period - Stopped by Cam Ward without a rebound.
3:04 of 3rd period - David Krejci wins face-off versus Dustin Penner in Bruins zone.
3:04 of 3rd period - David Krejci is hit by Scott Gomez.
3:31 of 3rd period - Dustin Penner is hit by Zdeno Chara.
3:38 of 3rd period - Minor Penalty to Keith Ballard for Holding.
3:39 of 3rd period - Paul Stastny wins face-off versus Mikko Koivu in Rangers zone.
3:44 of 3rd period - Shot by Phil Kessel.
3:44 of 3rd period - Shot Blocked by Mike Weaver.
3:46 of 3rd period - Shot by Dennis Seidenberg.
3:46 of 3rd period - Shot Misses the Net.
3:48 of 3rd period - Shot by Paul Stastny.
3:48 of 3rd period - Stopped by Andrew Raycroft with a rebound.
3:50 of 3rd period - Shot by Dennis Seidenberg.
3:50 of 3rd period - Shot Misses the Net.
3:52 of 3rd period - Shot by Dennis Seidenberg.
3:52 of 3rd period - Stopped by Andrew Raycroft without a rebound.
3:53 of 3rd period - Mikko Koivu wins face-off versus Paul Stastny in Rangers zone.
3:53 of 3rd period - Mikko Koivu is hit by Dustin Brown.
4:18 of 3rd period - Paul Stastny is hit by Jeff Finger.
5:19 of 3rd period - Shot by Dustin Brown.
5:19 of 3rd period - Goal by Dustin Brown - Rangers : 1 - Bruins : 4.
5:20 of 3rd period - David Krejci wins face-off versus Artem Anisimov in neutral zone.
5:33 of 3rd period - Icing by Andrei Kostitsyn.
5:34 of 3rd period - Paul Stastny wins face-off versus Artem Anisimov in Rangers zone.
5:51 of 3rd period - Shot by Wayne Simmonds.
5:51 of 3rd period - Goal by Wayne Simmonds - Rangers : 1 - Bruins : 5.
5:52 of 3rd period - David Krejci wins face-off versus Tom Pyatt in neutral zone.
6:15 of 3rd period - Minor Penalty to Gregory Campbell for Roughing.
6:16 of 3rd period - Scott Gomez wins face-off versus David Krejci in Bruins zone.
6:17 of 3rd period - Shot by Keith Ballard.
6:17 of 3rd period - Shot Misses the Net.
6:21 of 3rd period - Shot by Mattias Ohlund.
6:21 of 3rd period - Stopped by Cam Ward without a rebound.
6:22 of 3rd period - David Krejci wins face-off versus Scott Gomez in Bruins zone.
6:28 of 3rd period - Minor Penalty to David Krejci for Holding.
6:29 of 3rd period - Mikko Koivu wins face-off versus Phil Kessel in Bruins zone.
7:22 of 3rd period - Shot by Henrik Zetterberg.
7:22 of 3rd period - Shot Misses the Net.
7:30 of 3rd period - Shot by Lubomir Visnovsky.
7:30 of 3rd period - Stopped by Cam Ward with a rebound.
7:34 of 3rd period - Shot by Scott Gomez.
7:34 of 3rd period - Shot Misses the Net.
7:36 of 3rd period - Shot by Lubomir Visnovsky.
7:36 of 3rd period - Stopped by Cam Ward without a rebound.
7:37 of 3rd period - Teemu Selanne wins face-off versus Henrik Zetterberg in Bruins zone.
7:38 of 3rd period - Shot by Keith Ballard.
7:38 of 3rd period - Shot Blocked by Henrik Zetterberg.
7:40 of 3rd period - Shot by Scott Gomez.
7:40 of 3rd period - Shot Misses the Net.
7:56 of 3rd period - Shot by Teemu Selanne.
7:56 of 3rd period - Deflect By Scott Gomez.
7:56 of 3rd period - Shot Blocked by James Vandermeer.
7:58 of 3rd period - Shot by Scott Gomez.
7:58 of 3rd period - Stopped by Cam Ward without a rebound.
7:59 of 3rd period - Paul Stastny wins face-off versus Mikko Koivu in Bruins zone.
8:14 of 3rd period - Shot by Trevor Daley.
8:14 of 3rd period - Shot Misses the Net.
8:18 of 3rd period - Shot by Andrei Kostitsyn.
8:18 of 3rd period - Shot Blocked by Niklas Kronwall.
8:20 of 3rd period - Shot by Lubomir Visnovsky.
8:20 of 3rd period - Shot Misses the Net.
8:24 of 3rd period - Shot by Mikko Koivu.
8:24 of 3rd period - Shot Blocked by James Vandermeer.
8:41 of 3rd period - Icing by Jeff Finger.
8:42 of 3rd period - Patrice Bergeron wins face-off versus Tom Pyatt in Rangers zone.
8:47 of 3rd period - Minor Penalty to Jeff Finger for Holding.
8:48 of 3rd period - Patrice Bergeron wins face-off versus Scott Gomez in Rangers zone.
8:51 of 3rd period - Shot by Henrik Zetterberg.
8:51 of 3rd period - Stopped by Andrew Raycroft without a rebound.
8:52 of 3rd period - Patrice Bergeron wins face-off versus Mikko Koivu in Rangers zone.
9:06 of 3rd period - Icing by Henrik Zetterberg.
9:07 of 3rd period - Scott Gomez wins face-off versus Patrice Bergeron in Bruins zone.
9:47 of 3rd period - Niklas Kronwall is hit by Keith Ballard and loses puck.
10:10 of 3rd period - Icing by Andrew Cogliano.
10:11 of 3rd period - Mikko Koivu wins face-off versus Paul Stastny in Bruins zone.
10:11 of 3rd period - Mike Weaver is hit by Niklas Kronwall and loses puck.
10:19 of 3rd period - Icing by Dennis Seidenberg.
10:20 of 3rd period - Mikko Koivu wins face-off versus Paul Stastny in Bruins zone.
10:21 of 3rd period - Shot by Mark Recchi.
10:21 of 3rd period - Shot Misses the Net.
11:07 of 3rd period - Shot by Evander Kane.
11:07 of 3rd period - Shot Misses the Net.
11:11 of 3rd period - Shot by Artem Anisimov.
11:11 of 3rd period - Shot Misses the Net.
11:13 of 3rd period - Shot by Evander Kane.
11:13 of 3rd period - Stopped by Cam Ward without a rebound.
11:14 of 3rd period - Paul Stastny wins face-off versus Mikko Koivu in Bruins zone.
11:14 of 3rd period - Paul Stastny is hit by Dan Cleary.
11:34 of 3rd period - Shot by Blake Wheeler.
11:34 of 3rd period - Shot Misses the Net.
12:12 of 3rd period - Shot by Phil Kessel.
12:12 of 3rd period - Deflect By Gregory Campbell.
12:12 of 3rd period - Stopped by Andrew Raycroft with a rebound.
12:18 of 3rd period - Mike Weaver is hit by Gregory Campbell and loses puck.
12:24 of 3rd period - Icing by Jeff Finger.
12:25 of 3rd period - Patrice Bergeron wins face-off versus Tom Pyatt in Rangers zone.
12:27 of 3rd period - Phil Kessel is hit by Jeff Finger and loses puck.
12:38 of 3rd period - Icing by Patrice Bergeron.
12:39 of 3rd period - Patrice Bergeron wins face-off versus Scott Gomez in Bruins zone.
12:39 of 3rd period - Niklas Kronwall is hit by Scott Gomez and loses puck.
12:45 of 3rd period - Barret Jackman is hit by Keith Ballard and loses puck.
12:57 of 3rd period - Shot by Phil Kessel.
12:57 of 3rd period - Shot Blocked by Dustin Penner.
13:01 of 3rd period - Shot by Phil Kessel.
13:01 of 3rd period - Shot Blocked by Trevor Daley.
13:19 of 3rd period - Icing by Andrej Meszaros.
13:20 of 3rd period - Wayne Simmonds wins face-off versus Tom Pyatt in Bruins zone.
13:53 of 3rd period - Shot by Mike Weaver.
13:53 of 3rd period - Shot Misses the Net.
14:08 of 3rd period - Icing by Mark Recchi.
14:09 of 3rd period - David Krejci wins face-off versus Tom Pyatt in Rangers zone.
14:16 of 3rd period - Shot by Henrik Zetterberg.
14:16 of 3rd period - Shot Misses the Net.
14:18 of 3rd period - Shot by Gregory Campbell.
14:18 of 3rd period - Shot Misses the Net.
14:24 of 3rd period - Shot by David Krejci.
14:24 of 3rd period - Shot Misses the Net.
14:26 of 3rd period - Shot by Zdeno Chara.
14:26 of 3rd period - Shot Misses the Net.
14:32 of 3rd period - Shot by Henrik Zetterberg.
14:32 of 3rd period - Goal by Henrik Zetterberg - Rangers : 1 - Bruins : 6.
14:32 of 3rd period - Brian Boucher enters game.
14:33 of 3rd period - Mikko Koivu wins face-off versus Patrice Bergeron in neutral zone.
14:43 of 3rd period - Mikko Koivu is hit by Barret Jackman and loses puck.
15:34 of 3rd period - Dustin Penner is hit by Dustin Brown and loses puck.
15:38 of 3rd period - Keith Ballard is hit by Barret Jackman and loses puck.
15:49 of 3rd period - Shot by Teemu Selanne.
15:49 of 3rd period - Shot Blocked by Barret Jackman.
15:53 of 3rd period - Shot by Scott Gomez.
15:53 of 3rd period - Stopped by Cam Ward without a rebound.
15:54 of 3rd period - David Krejci wins face-off versus Artem Anisimov in Bruins zone.
16:24 of 3rd period - Shot by David Krejci.
16:24 of 3rd period - Stopped by Brian Boucher without a rebound.
16:25 of 3rd period - Mikko Koivu wins face-off versus Paul Stastny in Rangers zone.
16:25 of 3rd period - Dan Cleary is hit by Wayne Simmonds and loses puck.
16:41 of 3rd period - Off-side.
16:42 of 3rd period - Paul Stastny wins face-off versus Tom Pyatt in neutral zone.
16:42 of 3rd period - Wayne Simmonds is hit by Mark Recchi and loses puck.
17:17 of 3rd period - Icing by Mike Weaver.
17:18 of 3rd period - Tom Pyatt wins face-off versus David Krejci in Rangers zone.
17:18 of 3rd period - Mark Recchi is hit by Gregory Campbell and loses puck.
17:29 of 3rd period - Shot by Henrik Zetterberg.
17:29 of 3rd period - Shot Misses the Net.
17:31 of 3rd period - Shot by David Krejci.
17:31 of 3rd period - Shot Hit the Post.
17:33 of 3rd period - Shot by David Krejci.
17:33 of 3rd period - Stopped by Brian Boucher without a rebound.
17:34 of 3rd period - David Krejci wins face-off versus Mikko Koivu in Rangers zone.
17:50 of 3rd period - Shot by Lubomir Visnovsky.
17:50 of 3rd period - Shot Misses the Net.
17:53 of 3rd period - Icing by Zdeno Chara.
17:54 of 3rd period - Scott Gomez wins face-off versus David Krejci in Bruins zone.
17:57 of 3rd period - Shot by Scott Gomez.
17:57 of 3rd period - Deflect By Teemu Selanne.
17:57 of 3rd period - Shot Blocked by Gregory Campbell.
17:59 of 3rd period - Shot by Trevor Daley.
17:59 of 3rd period - Deflect By Teemu Selanne.
17:59 of 3rd period - Stopped by Cam Ward with a rebound.
18:09 of 3rd period - Zdeno Chara is hit by Dustin Penner and loses puck.
18:24 of 3rd period - Shot by Scott Gomez.
18:24 of 3rd period - Shot Blocked by James Vandermeer.
18:28 of 3rd period - Shot by Dustin Penner.
18:28 of 3rd period - Shot Misses the Net.
18:30 of 3rd period - Shot by Keith Ballard.
18:30 of 3rd period - Shot Misses the Net.
18:32 of 3rd period - Shot by Dustin Penner.
18:32 of 3rd period - Shot Blocked by Henrik Zetterberg.
18:36 of 3rd period - Shot by Dustin Penner.
18:36 of 3rd period - Shot Misses the Net.
18:59 of 3rd period - Shot by Bill Guerin.
18:59 of 3rd period - Shot Misses the Net.
19:01 of 3rd period - Shot by Dan Cleary.
19:01 of 3rd period - Shot Misses the Net.
19:05 of 3rd period - Shot by Mikko Koivu.
19:05 of 3rd period - Deflect By Bill Guerin.
19:05 of 3rd period - Goal by Bill Guerin - Rangers : 2 - Bruins : 6.
19:06 of 3rd period - Paul Stastny wins face-off versus Tom Pyatt in neutral zone.
19:09 of 3rd period - Jeff Finger is hit by Wayne Simmonds and loses puck.
19:22 of 3rd period - Shot by Wayne Simmonds.
19:22 of 3rd period - Shot Blocked by Mike Weaver.
19:24 of 3rd period - Shot by Paul Stastny.
19:24 of 3rd period - Shot Misses the Net.
19:28 of 3rd period - Shot by Paul Stastny.
19:28 of 3rd period - Stopped by Brian Boucher with a rebound.
19:30 of 3rd period - Shot by Dennis Seidenberg.
19:30 of 3rd period - Shot Misses the Net.


Output by the SimonT Hockey Simulator (STHS) for Stephane Roy -- Original Page W3C XHTML 1.0 Valid